SAAA
CALGARY LYNX @ JERSEY CITY SUN CAPS
09/14/2020
 
TOP OF THE 1ST
Calgary Lynx batting - Pitching for Jersey City Sun Caps : RHP Jim Unknown
Pitching: RHP Jim Unknown
Batting: SHB Tom Craft 0-0: Ball
1-0: Called Strike
1-1: Swinging Strike
1-2: Foul Ball, location: 2F
1-2: Ball
2-2: Foul Ball, location: 2F
2-2: Foul Ball, location: 2F
2-2: Ball
3-2: Foul Ball, location: 2F
3-2: Fly out, F4 (Popup, 34D)
Batting: RHB Emílio Ortíz 0-0: Ball
1-0: Foul Ball, location: 2F
1-1: Called Strike
1-2: Ball
2-2: Strikes out looking
Batting: RHB Pancho Salaedo 0-0: Foul Ball, location: 2F
0-1: Ball
1-1: SINGLE (Groundball, 5L)
Batting: SHB Vasco Paradela 0-0: Foul Ball, location: 2F
0-1: Foul Ball, location: 2F
0-2: Ball
1-2: Fly out, F5 (Popup, 5L)
Top of the 1st over - 0 run(s), 1 hit(s), 0 error(s), 1 left on base; Calgary 0 - Jersey City 0
BOTTOM OF THE 1ST
Jersey City Sun Caps batting - Pitching for Calgary Lynx : RHP Jorge Rivas
Pitching: RHP Jorge Rivas
Batting: LHB Jesús Pérez 0-0: Called Strike
0-1: Ground out 1-3 (Groundball, 13)
Batting: RHB Jonah Moody 0-0: Ball
1-0: Swinging Strike
1-1: SINGLE (Line Drive, 4)
Batting: LHB Munemori Ohara 0-0: Foul Ball, location: 2F
0-1: Ball
1-1: SINGLE (Flyball, 89S)
Jonah Moody to second
Batting: LHB Miguel Martínez 0-0: Grounds into double play, 6-4-3 (Groundball, 6M)
Bottom of the 1st over - 0 run(s), 2 hit(s), 0 error(s), 1 left on base; Calgary 0 - Jersey City 0
TOP OF THE 2ND
Calgary Lynx batting - Pitching for Jersey City Sun Caps : RHP Jim Unknown
Batting: RHB Jim Browning 0-0: Ball
1-0: Foul Ball, location: 2F
1-1: Foul Ball, location: 2F
1-2: Foul Ball, location: 2F
1-2: Foul Ball, location: 2F
1-2: Foul Ball, location: 2F
1-2: Ball
2-2: DOUBLE (Flyball, 8LM)
Batting: RHB Pepe Medina 0-0: Ball
1-0: Called Strike
1-1: Foul Ball, location: 2F
1-2: Strikes out swinging
Batting: LHB Herman Gilliland 0-0: Ball
1-0: Foul Ball, location: 2F
1-1: Fly out, F7 (Flyball, 7LM)
Batting: RHB Wilbur James 0-0: Foul Ball, location: 2F
0-1: Foul Ball, location: 2F
0-2: Strikes out swinging
Top of the 2nd over - 0 run(s), 1 hit(s), 0 error(s), 1 left on base; Calgary 0 - Jersey City 0
BOTTOM OF THE 2ND
Jersey City Sun Caps batting - Pitching for Calgary Lynx : RHP Jorge Rivas
Batting: RHB Tony Quintana 0-0: Foul Ball, location: 2F
0-1: Ball
1-1: Ball
2-1: Foul Ball, location: 2F
2-2: Ground out U3 (Groundball, 3S)
Batting: LHB Rick Watson 0-0: Foul Ball, location: 2F
0-1: Ground out 6-3 (Groundball, 6M)
Batting: RHB Christian O'Neal 0-0: SINGLE (Groundball, 5L)
Batting: RHB Christian O'Dell 0-0: Ball
1-0: Ground out 5-3 (Groundball, 5L)
Bottom of the 2nd over - 0 run(s), 1 hit(s), 0 error(s), 1 left on base; Calgary 0 - Jersey City 0
TOP OF THE 3RD
Calgary Lynx batting - Pitching for Jersey City Sun Caps : RHP Jim Unknown
Batting: RHB Luis Fierro 0-0: Fly out, F4 (Popup, 4D)
Batting: SHB Tom Craft 0-0: Ball
1-0: Ball
2-0: Called Strike
2-1: Foul Ball, location: 2F
2-2: Foul Ball, location: 2F
2-2: Strikes out swinging
Batting: RHB Emílio Ortíz 0-0: Called Strike
0-1: SINGLE (Line Drive, 4D)
Batting: RHB Pancho Salaedo 0-0: Called Strike
0-1: Ball
1-1: DOUBLE (Line Drive, 7LM)
Emílio Ortíz to third
Runner from 3rd tries for Home, SAFE, no throw or cutoff
Batting: SHB Vasco Paradela 0-0: Ground out U3 (Groundball, 3L)
Top of the 3rd over - 1 run(s), 2 hit(s), 0 error(s), 1 left on base; Calgary 1 - Jersey City 0
BOTTOM OF THE 3RD
Jersey City Sun Caps batting - Pitching for Calgary Lynx : RHP Jorge Rivas
Batting: RHB Enrique Echevarría 0-0: Foul Ball, location: 2F
0-1: Foul Ball, location: 2F
0-2: SINGLE (Line Drive, 56D)
Batting: LHB Jesús Pérez 0-0: Fielders Choice at 2nd, 6-4 (Groundball, 6M)
Batting: RHB Jonah Moody 0-0: SINGLE (Line Drive, 56)
Jesús Pérez to second
Batting: LHB Munemori Ohara 0-0: Ball
1-0: Fielders Choice at 2nd, 4-6 (Groundball, 4)
Jesús Pérez to third
Batting: LHB Miguel Martínez 0-0: Ball
1-0: Ball
2-0: Foul Ball, location: 2F
2-1: SINGLE (Flyball, 9LS)
Jesús Pérez scores
Munemori Ohara to second
Runner from 2nd tries for 3rd, SAFE, throw made to third
Batting: RHB Tony Quintana 0-0: Fly out, F8 (Flyball, 8RM)
Bottom of the 3rd over - 1 run(s), 3 hit(s), 0 error(s), 2 left on base; Calgary 1 - Jersey City 1
TOP OF THE 4TH
Calgary Lynx batting - Pitching for Jersey City Sun Caps : RHP Jim Unknown
Batting: RHB Jim Browning 0-0: Called Strike
0-1: Swinging Strike
0-2: Ball
1-2: Fly out, F9 (Flyball, 89M)
Batting: RHB Pepe Medina 0-0: Ball
1-0: Fly out, F5 (Popup, 15)
Batting: LHB Herman Gilliland 0-0: Ball
1-0: Swinging Strike
1-1: SINGLE (Flyball, 8LS)
Batting: RHB Wilbur James 0-0: Ball
1-0: Foul Ball, location: 2F
1-1: Called Strike
1-2: Ball
2-2: Ground out 5-3 (Groundball, 56S)
Top of the 4th over - 0 run(s), 1 hit(s), 0 error(s), 1 left on base; Calgary 1 - Jersey City 1
BOTTOM OF THE 4TH
Jersey City Sun Caps batting - Pitching for Calgary Lynx : RHP Jorge Rivas
Batting: LHB Rick Watson 0-0: Foul Ball, location: 2F
0-1: Ball
1-1: Swinging Strike
1-2: Ball
2-2: Ball
3-2: Foul Ball, location: 2F
3-2: Foul Ball, location: 2F
3-2: DOUBLE (Line Drive, 9LM)
Batting: RHB Christian O'Neal 0-0: SINGLE (Flyball, 9LS)
Rick Watson to third
Batting: RHB Christian O'Dell 0-0: Ball
1-0: Ball
2-0: Grounds into double play, 6-4-3 (Groundball, 6M)
Rick Watson scores
Batting: RHB Enrique Echevarría 0-0: Foul Ball, location: 2F
0-1: Called Strike
0-2: Ball
1-2: Foul Ball, location: 2F
1-2: SOLO HOME RUN (Flyball, 7LD), Distance : 358 ft
Batting: LHB Jesús Pérez 0-0: Ball
1-0: Swinging Strike
1-1: Hit by Pitch
Pitching: RHP Steve Ward
Pinch Runner at 1st Roy Williams:
Batting: RHB Jonah Moody 0-0: Ball
1-0: Ball
2-0: Ball
3-0: Called Strike
3-1: Ground out 1-3 (Groundball, 13)
Bottom of the 4th over - 2 run(s), 3 hit(s), 0 error(s), 1 left on base; Calgary 1 - Jersey City 3
TOP OF THE 5TH
Calgary Lynx batting - Pitching for Jersey City Sun Caps : RHP Jim Unknown
Now in CF: Roy Williams
Batting: RHB Luis Fierro 0-0: Foul Ball, location: 2F
0-1: Ball
1-1: Ball
2-1: Ball
3-1: Foul Ball, location: 2F
3-2: Base on Balls
Batting: SHB Tom Craft 0-0: Ball
1-0: Bunt missed!
1-1: Sac Bunt - play at first, batter OUT! 5-4
Luis Fierro to second
Batting: RHB Emílio Ortíz 0-0: Ball
1-0: Swinging Strike
1-1: Ground out 6-3 (Groundball, 6D)
Batting: RHB Pancho Salaedo 0-0: Swinging Strike
0-1: Called Strike
0-2: Ball
1-2: Foul Ball, location: 2F
1-2: Ball
2-2: Foul Ball, location: 2F
2-2: Ball
3-2: Foul Ball, location: 2F
3-2: Base on Balls
Batting: SHB Vasco Paradela 0-0: Ball
1-0: Swinging Strike
1-1: Foul Ball, location: 2F
1-2: Foul Ball, location: 2F
1-2: Foul Ball, location: 2F
1-2: Fly out, F7 (Flyball, 7M)
Top of the 5th over - 0 run(s), 0 hit(s), 0 error(s), 2 left on base; Calgary 1 - Jersey City 3
BOTTOM OF THE 5TH
Jersey City Sun Caps batting - Pitching for Calgary Lynx : RHP Steve Ward
Batting: LHB Munemori Ohara 0-0: Called Strike
0-1: Ball
1-1: Foul Ball, location: 2F
1-2: Strikes out swinging
Batting: LHB Miguel Martínez 0-0: Called Strike
0-1: Ball
1-1: Ground out U3 (Groundball, 3)
Batting: RHB Tony Quintana 0-0: Called Strike
0-1: Ball
1-1: Foul Ball, location: 2F
1-2: Ball
2-2: SINGLE (Line Drive, 56)
Batting: LHB Rick Watson 0-0: Ball
1-0: 2-RUN HOME RUN (Flyball, 9LD), Distance : 337 ft
Batting: RHB Christian O'Neal 0-0: Fly out, F8 (Flyball, 8LS)
Bottom of the 5th over - 2 run(s), 2 hit(s), 0 error(s), 0 left on base; Calgary 1 - Jersey City 5
TOP OF THE 6TH
Calgary Lynx batting - Pitching for Jersey City Sun Caps : RHP Jim Unknown
Batting: RHB Jim Browning 0-0: Ball
1-0: Ball
2-0: Ball
3-0: Called Strike
3-1: Swinging Strike
3-2: Strikes out looking
Batting: RHB Pepe Medina 0-0: Called Strike
0-1: Ball
1-1: Swinging Strike
1-2: Foul Ball, location: 2F
1-2: Foul Ball, location: 2F
1-2: Ground out 5-3 (Groundball, 56S)
Batting: LHB Herman Gilliland 0-0: Ground out 6-3 (Groundball, 6MS)
Top of the 6th over - 0 run(s), 0 hit(s), 0 error(s), 0 left on base; Calgary 1 - Jersey City 5
BOTTOM OF THE 6TH
Jersey City Sun Caps batting - Pitching for Calgary Lynx : RHP Steve Ward
Batting: RHB Christian O'Dell 0-0: Ground out 4-3 (Groundball, 4)
Batting: RHB Enrique Echevarría 0-0: DOUBLE (Groundball, 5L)
Batting: RHB Roy Williams 0-0: Ball
1-0: Called Strike
1-1: Swinging Strike
1-2: Ball
2-2: Foul Ball, location: 2F
2-2: Ground out 4-3 (Groundball, 4)
Enrique Echevarría to third
Batting: RHB Jonah Moody 0-0: Ball
1-0: Fly out, F8 (Flyball, 8LM)
Bottom of the 6th over - 0 run(s), 1 hit(s), 0 error(s), 1 left on base; Calgary 1 - Jersey City 5
TOP OF THE 7TH
Calgary Lynx batting - Pitching for Jersey City Sun Caps : RHP Jim Unknown
Batting: RHB Wilbur James 0-0: Fly out, F3 (Popup, 3SF)
Batting: RHB Luis Fierro 0-0: Called Strike
0-1: SINGLE (Groundball, 4MD)
Batting: SHB Tom Craft 0-0: Swinging Strike
0-1: Ball
1-1: Swinging Strike
1-2: Ball
2-2: Strikes out swinging
Batting: RHB Emílio Ortíz 0-0: Swinging Strike
0-1: Ball
1-1: Ball
2-1: Called Strike
2-2: Ball
3-2: Foul Ball, location: 2F
3-2: Strikes out looking
Top of the 7th over - 0 run(s), 1 hit(s), 0 error(s), 1 left on base; Calgary 1 - Jersey City 5
BOTTOM OF THE 7TH
Jersey City Sun Caps batting - Pitching for Calgary Lynx : RHP Steve Ward
Batting: LHB Munemori Ohara 0-0: Ball
1-0: Ball
2-0: Ball
3-0: Base on Balls
Batting: LHB Miguel Martínez 0-0: Foul Ball, location: 2F
0-1: Ball
1-1: Ball
Munemori Ohara steals 2nd base
2-1: Intentional Walk
Pitching: LHP Spike Wells
Batting: RHB Tony Quintana 0-0: Ball
1-0: Called Strike
1-1: Foul Ball, location: 2F
1-2: Foul Ball, location: 2F
1-2: Fielders Choice at 2nd, 4-6 (Groundball, 34)
Munemori Ohara to third
Batting: LHB Rick Watson 0-0: Called Strike
0-1: Called Strike
0-2: Strikes out swinging
Batting: RHB Christian O'Neal 0-0: Ball
1-0: Called Strike
1-1: Ball
2-1: Foul Ball, location: 2F
2-2: Ball
3-2: SINGLE (Groundball, 6MD)
Munemori Ohara scores
Tony Quintana to second
Tony Quintana to third
Batting: RHB Christian O'Dell 0-0: Swinging Strike
0-1: Ball
1-1: Called Strike
1-2: Strikes out looking
Bottom of the 7th over - 1 run(s), 1 hit(s), 0 error(s), 2 left on base; Calgary 1 - Jersey City 6
TOP OF THE 8TH
Calgary Lynx batting - Pitching for Jersey City Sun Caps : RHP Jim Unknown
Now in RF: Ken Miller
Batting: RHB Pancho Salaedo 0-0: SINGLE (Line Drive, 6D)
Batting: SHB Vasco Paradela 0-0: Fly out, F3 (Line Drive, 3)
0-0: Lined into DP, U3 (Line Drive, 3)
Batting: RHB Jim Browning 0-0: Called Strike
0-1: Ball
1-1: Ball
2-1: Ground out 5-3 (Groundball, 5S)
Top of the 8th over - 0 run(s), 1 hit(s), 0 error(s), 0 left on base; Calgary 1 - Jersey City 6
BOTTOM OF THE 8TH
Jersey City Sun Caps batting - Pitching for Calgary Lynx : LHP Spike Wells
Batting: RHB Enrique Echevarría 0-0: Swinging Strike
0-1: Called Strike
0-2: SOLO HOME RUN (Flyball, 7D), Distance : 374 ft
Batting: RHB Roy Williams 0-0: Foul Ball, location: 2F
0-1: Called Strike
0-2: Ball
1-2: Foul Ball, location: 2F
1-2: Foul Ball, location: 2F
1-2: Ball
2-2: Ball
3-2: DOUBLE (Flyball, 78XD)
Batting: RHB Jonah Moody 0-0: Swinging Strike
0-1: Foul Ball, location: 2F
0-2: Foul Ball, location: 2F
0-2: Ground out 5-3 (Groundball, 56S)
Roy Williams to third
Batting: LHB Munemori Ohara 0-0: Called Strike
0-1: Called Strike
0-2: Ball
1-2: Strikes out swinging
Batting: LHB Miguel Martínez 0-0: Foul Ball, location: 2F
0-1: Ball
1-1: DOUBLE (Line Drive, 89M)
Roy Williams scores
Pinch Hitting: RHB Raúl Catuncan 0-0: Swinging Strike
0-1: Swinging Strike
0-2: Ball
1-2: Strikes out looking
Bottom of the 8th over - 2 run(s), 3 hit(s), 0 error(s), 1 left on base; Calgary 1 - Jersey City 8
TOP OF THE 9TH
Calgary Lynx batting - Pitching for Jersey City Sun Caps : RHP Jim Unknown
Now at 1B: Harlan Price
Now at SS: Oscar Lewis
Batting: RHB Pepe Medina 0-0: Foul Ball, location: 2F
0-1: Ball
1-1: Foul Ball, location: 2F
1-2: Strikes out swinging
Batting: LHB Herman Gilliland 0-0: Foul Ball, location: 2F
0-1: DOUBLE (Flyball, 89D)
Pitching: LHP Jim Unknown
Batting: RHB Wilbur James 0-0: Ball
1-0: Swinging Strike
1-1: Foul Ball, location: 2F
1-2: Strikes out swinging
Batting: RHB Luis Fierro 0-0: Ball
1-0: Foul Ball, location: 2F
1-1: Ball
2-1: SINGLE (Flyball, 9LM)
Herman Gilliland to third
Runner from 3rd tries for Home, SAFE, no throw or cutoff
Batting: SHB Tom Craft 0-0: Fly out, F9 (Flyball, 89S)
Top of the 9th over - 1 run(s), 2 hit(s), 0 error(s), 1 left on base; Calgary 2 - Jersey City 8
This league is powered by Out of the Park Baseball, the baseball management simulation game for PC, Mac and Linux
Friday, October 23rd, 2015 - OOTP Baseball 16.9 Build 39